 Dungeon Crawl Stone Soup version 0.22-a0-409-gb855193 (webtiles) character file.

128 theanonym the Cudgeler (level 4, 0/35 HPs)
             Began as a Mummy Warper on May 10, 2018.
             Slain by a worker ant (7 damage)
             ... on level 4 of the Dungeon.
             The game lasted 00:07:38 (3756 turns).

theanonym the Cudgeler (Mummy Warper)               Turns: 3756, Time: 00:07:39

Health: 0/35       AC:  7    Str: 15    XL:     4   Next: 86%
Magic:  8/8        EV:  8    Int: 12    God:
Gold:   120        SH:  7    Dex: 14    Spells: 8/8 levels left

rFire    x . .     SeeInvis .   a - +0 mace
rCold    + . .     Gourm    .   c - +0 shield
rNeg     + + +     Faith    .   d - +0 ring mail
rPois    ∞         Spirit   .   (no helmet)
rElec    .         Reflect  .   i - +1 cloak
rCorr    .         Harm     .   (no gloves)
MR       .....                  (no boots)
Stlth    +.........             (no amulet)
HPRegen  0.11/turn              j - +3 ring of dexterity
MPRegen  0.11/turn              (no ring)

@: no status effects
A: no food or potions, fire vulnerability, cold resistance 1, negative energy
resistance 3, torment resistance, unbreathing
a: no special abilities


Innate Abilities, Weirdness & Mutations

You do not eat or drink.
Your flesh is vulnerable to fire.
You are immune to poison.
Your flesh is cold resistant. (rC+)
You are immune to negative energy. (rN+++)
You are immune to unholy pain and torment.
You can survive without breathing.


   Skills:
 + Level 3.3 Fighting
 * Level 3.5 Maces & Flails
 - Level 0.7 Throwing
 - Level 0.7 Armour
 - Level 1.5 Dodging
 - Level 2.6 Spellcasting
   Level 2.4 Translocations


You had 8 spell levels left.
You didn't know any spells.

Skill      XL: |  1  2  3  4 |
---------------+-------------+-----
Maces & Flails | 2 3 |  3.5
Fighting       | 3 |  3.3
Throwing       | |  0.7
Armour         | |  0.7
Dodging        | |  1.5
Spellcasting   | |  2.6
Translocations | |  2.4

Action                   |  1- 3 |  4- 6 || total
-------------------------+-------+-------++-------
Melee: Mace              |   189 |   125 ||   314
Throw: Tomahawk          |       |     4 ||     4
  Use: Scroll            |       |     7 ||     7
Armor: Leather armour    |    29 |       ||    29
       Ring mail         |    66 |    64 ||   130
Dodge: Dodged            |    83 |    57 ||   140
Block: Shield            |    79 |    78 ||   157

Inventory:

Hand Weapons
 a - a +0 mace (weapon)
Missiles
 e - a tomahawk of dispersal (quivered)
 f - 2 tomahawks
Armour
 b - a +0 leather armour
 c - a +0 shield (worn)
   (You found it on level 1 of the Dungeon)
 d - a +0 ring mail (worn)
   (You found it on level 1 of the Dungeon)
 i - a +1 cloak (worn)
   (You found it on level 2 of the Dungeon)
Jewellery
 j - a +3 ring of dexterity (left hand)
   (You found it on level 2 of the Dungeon)
Scrolls
 h - a scroll of random uselessness
 n - 3 scrolls of remove curse
 r - 2 scrolls of identify


You were on level 4 of the Dungeon.
You were not hungry.

You visited 1 branch of the dungeon, and saw 4 of its levels.

You collected 120 gold pieces.

Dungeon Overview and Level Annotations

Branches:
Dungeon (4/15)
 Temple: D:4-7

Altars:
Dithmenos
Hepliaklqana

Annotations:
D:4 Pikel, Sigmund

##### ...## ...
#.#
####.#######..
#....a@.?.....
#...5##.#########
..... #.# ##..
#.# ## #.# #..
#.. #..


You could see a worker ant and a crimson imp.

Notes
Turn   | Place    | Note
-------+----------+-------------------------------------------
     0 | D:1      | theanonym the Mummy Warper began the quest for the Orb.
     0 | D:1      | Reached XP level 1. HP: 16/16 MP: 4/4
   246 | D:1      | Reached skill level 2 in Maces & Flails
   267 | D:1      | Reached XP level 2. HP: 20/22 MP: 5/5
   422 | D:1      | HP: 11/23 [rat (3)]
   432 | D:1      | HP: 11/23 [bat (1)]
   903 | D:1      | Reached XP level 3. HP: 18/28 MP: 7/7
  1722 | D:2      | Found a shadowy altar of Dithmenos.
  1943 | D:1      | HP: 12/28 [gnoll/whip (6)]
  1946 | D:1      | Reached skill level 3 in Maces & Flails
  2214 | D:2      | Reached XP level 4. HP: 24/34 MP: 8/8
  2399 | D:2      | Reached skill level 3 in Fighting
  3032 | D:3      | HP: 14/35 [gnoll/halberd (14)]
  3040 | D:3      | HP: 11/35 [hobgoblin (4)]
  3047 | D:3      | HP: 1/35 [gnoll/halberd (10)]
  3577 | D:4      | Noticed Sigmund
  3669 | D:4      | Found a hazy altar of Hepliaklqana.
  3671 | D:4      | Noticed a slave
  3708 | D:4      | Noticed Pikel
  3708 | D:4      | Noticed a slave
  3708 | D:4      | Noticed a slave
  3708 | D:4      | Noticed a slave
  3741 | D:4      | HP: 17/35 [howler monkey (5)]
  3750 | D:4      | HP: 10/35 [howler monkey (1)]
  3756 | D:4      | Slain by a worker ant

Vanquished Creatures
  2 gnolls (D:1)
  2 adders
  2 worms
  2 dart slugs
  4 leopard geckos
  An orc (D:4)
  10 bats
  2 giant cockroaches (D:1)
  7 goblins
  15 hobgoblins
  3 jackals
  A quokka (D:2)
  A ball python (D:2)
  5 frilled lizards
  9 kobolds
  5 rats
71 creatures vanquished.

Table legend:
 A = Turns spent in this place as a percentage of turns spent in the entire game.
 B = Non-inter-level travel turns spent in this place as a percentage of non-inter-level travel turns spent in the entire game.
 C = Inter-level travel turns spent in this place as a percentage of turns spent in this place.
 D = Turns resting spent in this place as a percentage of non-inter-level travel turns spent in this place.
 E = Turns spent auto-exploring this place as a percentage of non-inter-level travel turns spent in this place.
 F = Non-inter-level travel turns spent in this place divided by the number of levels of this place that you've seen.
                   A       B       C       D       E      F
               +-------+-------+-------+-------+-------+----------------------
         Total | 100.0 | 100.0 |   5.3 |  50.5 |  27.5 | 889.0
       Dungeon | 100.0 | 100.0 |   5.3 |  50.5 |  27.5 | 889.0
               +-------+-------+-------+-------+-------+----------------------
